 Dungeon Crawl Stone Soup version 0.23.0-3-gf3c87f2 (webtiles) character file.

Game seed: 1958372987779925627

40 Borgoz the Sneak (level 3, -9/28 HPs)
             Began as a Ghoul Enchanter on Feb 25, 2019.
             Mangled by Crazy Yiuf
             ... wielding a +4 quarterstaff of chaos
              (17 damage)
             ... on level 2 of the Dungeon.
             The game lasted 00:04:31 (1573 turns).

Borgoz the Sneak (Ghoul Enchanter)                  Turns: 1573, Time: 00:04:32

Health: -9/28      AC:  2    Str: 11    XL:     3   Next: 50%
Magic:  2/4        EV: 12    Int: 10    God:
Gold:   131        SH:  6    Dex: 10    Spells: 2/5 levels left

rFire    + . .     SeeInvis .     - Unarmed
rCold    + + .     Gourm    .   (no shield)
rNeg     + + +     Faith    .   b - +0 robe
rPois    ∞         Spirit   .   (no helmet)
rElec    +         Reflect  +   (no cloak)
rCorr    +         Harm     .   (no gloves)
MR       .....                  (no boots)
Stlth    ++........             n - +6 amulet of reflection
HPRegen  0.00/turn              g - ring of wizardry
MPRegen  0.09/turn              (no ring)

@: resistant (expiring), very slightly contaminated, rotting
A: rotting body, claws 1, carnivore, cold resistance 1, negative energy
resistance 3, inhibited regeneration, torment resistance, unbreathing
a: no special abilities


You were on level 2 of the Dungeon.
You were not hungry.

You visited 1 branch of the dungeon, and saw 2 of its levels.

You collected 131 gold pieces.

Inventory:

Armour
 b - a +0 robe (worn)
Jewellery
 a - an uncursed ring of ice
 g - a ring of wizardry (left claw)
 n - a +6 amulet of reflection (around neck)
Scrolls
 l - a scroll of fog {unknown}
 m - a scroll of teleportation {unknown}
Comestibles
 d - 3 rations


   Skills:
 + Level 1.4 Fighting
   Level 0.8 Short Blades
 + Level 2.2 Dodging
 - Level 3.2 Stealth
 + Level 1.4 Unarmed Combat
 - Level 1.7 Spellcasting
 + Level 2.8 Hexes


You had 2 spell levels left.
You knew the following spells:

 Your Spells              Type           Power        Failure   Level  Hunger
a - Corona                Hex            #......      4%          1    ##.....
b - Ensorcelled Hibernat  Hex/Ice        #.....       11%         2    ###....

Your spell library contained the following spells:

 Spells                   Type           Power        Failure   Level  Hunger
 Slow                     Hex            #.......     6%          2    ###....
 Magic Dart               Conj           #...         13%         1    ##.....
 Blink                    Tloc           N/A          19%         2    ###....
 Call Imp                 Summ           #.......     19%         2    ###....
 Confuse                  Hex            #.......     12%         3    ####...
 Tukima's Dance           Hex            #.......     12%         3    ####...
 Dazzling Spray           Conj/Hex       #.....       21%         3    ####...
 Conjure Flame            Conj/Fire      #.......     34%         3    ####...
 Mephitic Cloud           Conj/Pois/Air  #.......     34%         3    ####...


Dungeon Overview and Level Annotations

Branches:
Dungeon (2/15)

Altars:
The Shining One

Annotations:
D:2 Crazy Yiuf


Innate Abilities, Weirdness & Mutations

Your body is rotting away.
You thrive on raw meat.
You are immune to poison.
You have sharp fingernails.
You are carnivorous and can eat meat at any time.
Your flesh is cold resistant. (rC+)
You are immune to negative energy. (rN+++)
You do not regenerate when monsters are visible.
You are immune to unholy pain and torment.
You can survive without breathing.


Message History

Crazy Yiuf is moderately wounded.
Crazy Yiuf hits you with a +4 quarterstaff of chaos.
* * * LOW HITPOINT WARNING * * *
You barely miss Crazy Yiuf.
Crazy Yiuf is moderately wounded.
Crazy Yiuf barely misses you.
You barely miss Crazy Yiuf.
Crazy Yiuf is moderately wounded.
You barely miss Crazy Yiuf.
Crazy Yiuf is moderately wounded.
Crazy Yiuf closely misses you.
You scratch Crazy Yiuf.
Crazy Yiuf is moderately wounded.
You scratch Crazy Yiuf but do no damage.
Crazy Yiuf is moderately wounded.
You feel yourself slow down.
Crazy Yiuf says, "Castle!"
Crazy Yiuf hits you with a +4 quarterstaff of chaos!
Ouch! That really hurt!
You die...

#.# ####.##..# #.#
#....##### #.#
#.#..# ###.# #....#
### ##.#.# ##.#.#
#).
####....########.#.#
#).
+.....)............#
.)
###...g########.#.#
#' ##...@..# #.###
♣g #.#.##.# #.# ♣♣
#.#.# # #.# ♣ # #.#
#.# ♣ ..# #.# ♣♣ ###
#.# ♣♣. #.# ♣.. #.#
##. #.######..


You could see Crazy Yiuf.

Vanquished Creatures
  A dart slug (D:1)
  2 leopard geckos (D:1)
  A ball python (D:1)
  5 bats
  4 giant cockroaches (D:1)
  3 goblins
  6 hobgoblins
  4 kobolds (D:1)
  2 frilled lizards
  3 rats (D:1)
31 creatures vanquished.

Notes
Turn   | Place    | Note
-------+----------+-------------------------------------------
     0 | D:1      | Borgoz the Ghoul Enchanter began the quest for the Orb.
     0 | D:1      | Reached XP level 1. HP: 14/14 MP: 2/2
   340 | D:1      | Reached XP level 2. HP: 18/22 MP: 3/3
   606 | D:1      | Reached skill level 1 in Unarmed Combat
   633 | D:1      | Reached skill level 1 in Fighting
   741 | D:1      | Reached XP level 3. HP: 24/28 MP: 2/4
   918 | D:1      | Learned a level 2 spell: Ensorcelled Hibernation
  1161 | D:2      | Found a glowing golden altar of the Shining One.
  1493 | D:2      | Found a runed translucent door.
  1494 | D:2      | Noticed Crazy Yiuf
  1573 | D:2      | Mangled by Crazy Yiuf

Skill      XL: |  1  2 |
---------------+-------+-----
Dodging        | 2 |  2.2
Unarmed Combat | 1 |  1.4
Fighting       | 1 |  1.4
Short Blades   | |  0.8
Stealth        | |  3.2
Spellcasting   | |  1.7
Hexes          | |  2.8

Action                   || total
-------------------------++-------
Melee: Unarmed           ||   117
       Punch             ||     1
 Cast: Corona            ||    19
       Ensorcelled Hiber ||     1
  Use: Potion            ||     6
       Scroll            ||     2
 Stab: Sleeping          ||     6
  Eat: Chunk             ||     4
Armor: Robe              ||    25
Dodge: Dodged            ||    67
Block: Other             ||     2
